Map: Cyber Forest LE

Players

IllIlllIllII

  • Race: Protoss Protoss
  • Spawn Location: 5:00

Lambo - Winner!

  • Race: Zerg Zerg
  • League: Grandmaster
  • Spawn Location: 11:00

VOD

Have the link to the VOD?

Description

Time

  • Played on: Feb. 10, 2019, 6:09 a.m.
  • Length: 16:13
Show
View Real Time Build Order
Export as new Build Order

IllIlllIllII Protoss 

Build Orders: 1 Gate Expand, Oracle Opening, Phoenix Opening, Archon Immortal, Archon Drop 

Get SALT Encoding   

  12  0:00  Probe  
  13  0:12  Probe  
  14  0:19  Pylon  
  14  0:24  Probe  
  15  0:33  Probe  
  15  0:39  Gateway  
  15  0:41  Probe  
  16  0:47  Assimilator  
  17  0:51  Probe  
  18  1:03  Probe  
  19  1:15  Probe  
  20  1:23  Nexus  
  20  1:36  Cybernetics Core  
  20  1:38  Probe  
  21  1:44  Assimilator  
  21  1:51  Probe  
  21  1:53  Pylon  
  22  2:02  Adept, Probe  
  23  2:10  Probe  
  26  2:18  Probe, Stargate  
  27  2:27  Warp Gate  
  27  2:29  Probe  
  27  2:31  Probe  
  27  2:36  Adept  
  31  2:39  Probe  
  31  2:41  Probe  
  33  2:49  Probe  
  33  2:53  Probe  
  35  3:00  Phoenix  
  35  3:02  Probe  
  36  3:05  Probe  
  37  3:14  Probe  
  37  3:18  Probe  
  37  3:19  Gateway  
  39  3:21  Oracle  
  39  3:26  Probe  
  43  3:29  Pylon  
  43  3:30  Probe  
  43  3:32  Assimilator  
  44  3:34  Probe  
  44  3:35  Assimilator  
  45  3:42  Probe  
  45  3:43  Probe  
  45  3:46  Robotics Facility  
  47  3:54  Probe x2  
  48  3:59  Twilight Council  
  49  4:06  Probe x2  
  51  4:13  Pylon  
  51  4:15  Gateway  
  51  4:16  Gateway  
  51  4:18  Probe  
  51  4:22  Warp Prism  
  52  4:29  Forge  
  54  4:41  Templar Archives  
  54  4:42  Adept, Zealot  
  54  4:45  Pylon  
  58  5:02  Nexus  
  58  5:04  Pylon  
  55  5:16  Probe  
  56  5:22  High Templar x3  
  56  5:23  High Templar  
  56  5:26  Protoss Ground Weapons Level 1, Probe, Archon  
  56  5:27  Immortal, Archon  
  65  5:28  Probe  
  65  5:34  Pylon  
  67  5:38  Probe  
  67  5:40  Probe  
  72  5:52  Charge  
  72  5:53  Probe  
  72  5:57  Immortal  
  73  6:09  Gateway  
  73  6:11  Gateway  
  77  6:12  Gateway  
  77  6:13  Sentry x2, Zealot x2  
  77  6:14  Gateway, Probe x2  
  87  6:26  Immortal, Pylon  
  87  6:27  Pylon  
  89  6:37  Sentry x2  
  95  6:42  Zealot x2  
  95  6:45  Pylon  
  95  6:46  Pylon  
  99  7:04  Zealot, High Templar x2  
  99  7:05  Zealot x3  
  99  7:08  Pylon  
  111  7:09  Archon  
  111  7:12  Observer  
  111  7:13  Zealot x2  
  116  7:22  Pylon  
  116  7:29  Protoss Ground Weapons Level 2  
  96  7:42  Zealot x8  
  108  7:48  Probe x3  
  91  8:07  Immortal  
  91  8:11  Probe x2  
  87  8:29  Probe, High Templar  
  87  8:30  Zealot x4, High Templar x3  
  104  8:34  Archon x2  
  104  8:35  Photon Cannon  
  104  8:36  Photon Cannon  
  104  8:38  Photon Cannon, Probe x2  
  104  8:41  Immortal  
  106  8:42  Assimilator  
  106  8:46  Assimilator  
  101  9:04  Zealot x5  
  101  9:05  Zealot x3  
  117  9:10  Nexus  
  97  9:40  High Templar x2  
  97  9:41  High Templar x2  
  97  9:42  Zealot x4  
  97  9:45  Archon x2  
  113  9:54  Immortal  
  117  10:10  Zealot x2  
  117  10:11  Zealot x2  
  119  10:18  Zealot x4  
  113  10:29  Immortal  
  113  10:32  Zealot x2  
  105  10:48  High Templar x3  
  105  10:49  Zealot x2, High Templar  
  117  10:56  Immortal  
  117  10:59  Archon x2  
  117  11:08  Zealot x2  
  125  11:13  Zealot  
  125  11:17  Zealot  
  129  11:28  Zealot x4  
  137  11:38  Immortal  
  121  11:51  High Templar x4  
  121  11:52  Zealot x3  
  121  11:53  Zealot  
  137  11:56  Archon x2  
  137  12:11  Immortal  
  137  12:13  High Templar x2  
  137  12:14  Zealot x2  
  145  12:18  Pylon, Archon  
  146  12:31  Zealot x2  
  144  12:49  Protoss Ground Weapons Level 3  
  139  12:55  Zealot x8  
  151  12:59  Pylon  
  151  13:01  Pylon  
  151  13:05  Observer  
  143  13:15  Photon Cannon  
  143  13:16  Immortal  
  143  13:18  Probe  
  143  13:19  Probe  
  143  13:20  High Templar x2  
  143  13:24  Archon  
  143  13:25  High Templar x2  
  145  13:29  Archon  
  143  13:47  Warp Prism  
  143  13:55  High Templar x2  
  147  14:00  Archon  
  148  14:05  Zealot  
  148  14:06  Zealot x5  
  114  14:32  Observer  
  114  14:33  Zealot x5  
  114  14:34  Zealot x3  
  102  14:55  Immortal  
  79  15:09  High Templar x5  
  79  15:10  High Templar  
  79  15:11  Zealot x2  
  95  15:14  Archon x2  
  95  15:15  Archon  
  95  15:33  Zealot x2  
  81  15:43  Zealot x6  
  81  15:57  Zealot  
  81  15:58  Zealot  
Show
View Real Time Build Order
Export as new Build Order

Lambo Zerg - Winner!

Build Orders: Hatch First, Swarm Host 

Get SALT Encoding   

  12  0:01  Drone  
  13  0:13  Overlord  
  13  0:16  Drone  
  14  0:31  Drone x2  
  16  0:49  Hatchery  
  15  0:52  Drone  
  15  0:56  Drone  
  17  1:00  Drone  
  18  1:10  Extractor  
  17  1:14  Spawning Pool  
  17  1:17  Drone  
  17  1:20  Drone  
  18  1:29  Drone  
  19  1:40  Drone  
  20  1:51  Overlord  
  20  2:01  Queen x2  
  20  2:02  Drone x2  
  26  2:11  Drone  
  26  2:12  Drone  
  26  2:13  Metabolic Boost  
  28  2:22  Drone  
  29  2:23  Drone  
  30  2:34  Hatchery  
  29  2:37  Zergling x2  
  29  2:40  Drone  
  29  2:43  Drone  
  32  2:45  Overlord  
  32  2:53  Queen  
  32  2:54  Drone  
  35  2:59  Drone  
  35  3:08  Spore Crawler  
  35  3:09  Drone x2  
  37  3:13  Drone  
  37  3:14  Overlord, Drone  
  37  3:15  Drone x2  
  41  3:26  Drone x2  
  43  3:28  Overlord  
  43  3:31  Queen  
  45  3:35  Drone x2  
  47  3:41  Spore Crawler  
  47  3:43  Zergling x4  
  47  3:48  Queen, Spore Crawler  
  48  3:49  Zergling x2  
  48  3:50  Zergling x2  
  48  3:53  Zergling x2  
  48  3:54  Zergling x2  
  53  3:59  Overlord  
  53  4:00  Drone  
  54  4:04  Drone x2  
  54  4:08  Drone x2  
  58  4:12  Overlord  
  58  4:17  Roach Warren  
  58  4:22  Drone x4  
  61  4:24  Extractor  
  61  4:25  Extractor  
  61  4:26  Drone x2  
  61  4:27  Drone  
  61  4:30  Drone x2  
  64  4:36  Drone x2  
  64  4:37  Drone  
  66  4:45  Lair  
  66  4:46  Drone x2  
  66  4:49  Overlord  
  68  4:54  Overlord  
  68  4:56  Drone x2  
  68  4:58  Evolution Chamber  
  68  5:00  Drone x2  
  68  5:02  Drone x2  
  68  5:03  Drone  
  68  5:05  Drone x2  
  71  5:07  Drone  
  71  5:12  Drone x4  
  76  5:16  Overlord  
  76  5:17  Drone  
  76  5:20  Queen  
  78  5:22  Overlord  
  78  5:25  Extractor  
  78  5:27  Extractor, Zerg Missile Weapons Level 1  
  76  5:30  Zergling x4  
  78  5:36  Roach  
  78  5:37  Roach x3  
  78  5:40  Roach x2  
  90  5:43  Roach x2  
  90  5:47  Roach  
  94  5:52  Roach x3  
  94  5:53  Roach  
  98  5:59  Extractor  
  98  6:00  Infestation Pit  
  98  6:01  Queen  
  96  6:05  Roach x2  
  96  6:06  Glial Reconstitution  
  98  6:16  Overlord  
  98  6:21  Overlord  
  98  6:23  Queen  
  98  6:24  Overseer  
  100  6:26  Overlord x2  
  102  6:42  Swarm Host x7  
  121  6:47  Swarm Host x3  
  121  6:50  Overlord  
  130  6:56  Swarm Host x2  
  130  6:57  Overlord  
  136  7:04  Overlord  
  136  7:05  Overlord  
  136  7:06  Queen  
  138  7:11  Swarm Host x2  
  144  7:16  Overlord  
  144  7:17  Swarm Host  
  144  7:18  Swarm Host  
  150  7:27  Roach x5  
  150  7:31  Roach x2  
  150  7:35  Roach x2  
  154  7:42  Roach x2  
  154  7:43  Roach x2  
  162  7:50  Roach x4  
  170  7:53  Roach x2  
  172  8:01  Roach x4  
  174  8:08  Roach x3  
  160  8:20  Roach x3  
  160  8:24  Roach x3  
  156  8:28  Ravager  
  156  8:29  Ravager x4  
  156  8:33  Queen  
  163  8:36  Roach x3  
  169  8:45  Roach x3  
  169  8:46  Ravager x2  
  177  9:09  Roach x3  
  177  9:15  Roach  
  177  9:16  Roach  
  176  9:21  Queen x2  
  176  9:22  Overlord  
  174  9:28  Roach x3  
  168  9:31  Roach x3  
  168  9:32  Roach x2  
  168  9:34  Roach x3  
  172  9:39  Burrow  
  172  9:42  Roach x2  
  172  9:43  Roach  
  175  9:46  Ravager x3  
  175  9:49  Swarm Host x2  
  175  9:51  Ravager  
  185  10:03  Queen  
  185  10:05  Queen, Hatchery  
  184  10:09  Roach x2  
  178  10:17  Roach x5  
  178  10:20  Roach x4  
  184  10:23  Roach x3  
  177  10:29  Roach  
  177  10:33  Roach  
  174  10:36  Roach  
  174  10:38  Queen  
  174  10:39  Roach  
  174  10:40  Roach  
  174  10:41  Queen  
  176  10:46  Roach  
  176  10:47  Ravager x2  
  172  10:57  Roach x3  
  178  11:12  Tunneling Claws  
  178  11:13  Zerg Missile Weapons Level 2  
  178  11:25  Roach x3  
  178  11:39  Roach x8  
  183  11:45  Roach x2  
  183  11:46  Overlord x2  
  181  11:49  Swarm Host x2  
  181  11:51  Overlord  
  181  12:02  Roach  
  183  12:13  Hive  
  183  12:14  Spire  
  183  12:15  Roach x4  
  200  12:18  Ravager  
  200  12:19  Ravager x2  
  200  12:20  Roach x2  
  200  12:21  Roach, Extractor  
  195  12:23  Roach x8  
  195  12:24  Roach x2, Extractor  
  195  12:25  Roach  
  200  12:36  Roach x2  
  175  12:44  Swarm Host x2  
  175  12:45  Swarm Host x3  
  175  12:47  Roach x4, Drone x5  
  175  12:48  Drone  
  175  12:50  Roach x3  
  192  12:53  Roach x3  
  192  12:57  Roach x2  
  200  13:05  Roach x2  
  200  13:07  Spore Crawler  
  200  13:08  Spore Crawler  
  200  13:09  Spore Crawler  
  195  13:14  Roach x2  
  195  13:15  Roach  
  195  13:16  Ravager  
  196  13:26  Greater Spire  
  196  13:27  Drone  
  197  13:39  Roach x15  
  185  14:21  Roach x13  
  190  14:32  Roach x6  
  197  14:40  Roach x3  
  197  14:42  Roach  
  199  14:52  Roach x2  
  191  14:55  Overlord  
  173  15:01  Roach  
  173  15:02  Roach x2  
  173  15:04  Roach x14  
  174  15:11  Corruptor x6  
  186  15:17  Roach x3  
  184  15:39  Corruptor x2  
  188  15:47  Brood Lord x4  
Tags
 
Add a new tag
Caveats
  • Supply blocks, unpowered buildings, or Contaminate may cause inaccurate times.
  • Supply counts are checked every 10 seconds.